 Dungeon Crawl Stone Soup version 0.32-a0-918-g0f22ef8d61 (webtiles) character file.

Game seed: 11851227467680877288

221 Griffin23 the Trooper (level 5, -7/47 HPs)
             Began as a Minotaur Fighter on Apr 10, 2024.
             Mangled by a crocodile (12 damage)
             ... in a sewer.
             The game lasted 00:04:38 (2462 turns).

Griffin23 the Trooper (Minotaur Fighter)            Turns: 2462, Time: 00:04:38

Health: -7/47      AC:  7    Str: 21 (22) XL:     5   Next: 65%
Magic:  4/4        EV:  8    Int:  3 (5)  God:
Gold:   66         SH:  5    Dex:  9 (10) Spells: 4/4 levels left

rFire   . . .        a - +0 long sword
rCold   . . .        c - +1 buckler
rNeg    . . .        b - +0 scale mail
rPois   .            (helmet restricted)
rElec   .            (no cloak)
rCorr   .            (no gloves)
SInv    .            (no boots)
Will    .....        (no amulet) Stlth
                     (no ring)
HPRegen 0.27/turn    (no ring)
MPRegen 0.09/turn

%: no passive effects
@: brilliant, very slow
A: horns 2, retaliatory headbutt
a: no special abilities


You were in a sewer.
You visited 1 branch of the dungeon, and saw 3 of its levels.
You also visited: Sewer.

You collected 66 gold pieces.

Inventory:

Hand Weapons
 a - a +0 long sword (weapon)
Armour
 b - a +0 scale mail (worn)
 c - a +1 buckler (worn)
Jewellery
 l - a ring of see invisible
Scrolls
 g - 2 scrolls of teleportation
 m - a scroll of butterflies
 o - a scroll of torment
 s - a scroll of enchant armour
Potions
 d - a potion of mutation {unknown}
 p - a potion of magic


   Skills:
 + Level 4.8 Fighting
 * Level 4.7 Long Blades
 + Level 4.7 Armour
 + Level 4.7 Shields


You had 4 spell levels left.
You didn't know any spells.
Your spell library was empty.

Dungeon Overview and Level Annotations

Branches:
Dungeon (3/15)              Sewer (1/1)

Altars:
Xom


Innate Abilities, Weirdness & Mutations

You have a pair of horns on your head.
You reflexively headbutt those who attack you in melee.


Message History

The crocodile is moderately wounded.
Your transformation is almost over.
Your butterfly disappears in a burst of colours! x4
The crocodile bites you.
You barely miss the crocodile.
The crocodile is moderately wounded.
Your butterfly disappears in a burst of colours! x3
The crocodile bites you but does no damage. x2
You completely miss the crocodile.
The crocodile is moderately wounded.
Your butterfly disappears in a burst of colours! x2
You block the crocodile's attack.
You hit the crocodile.
The crocodile is moderately wounded.
Your butterfly disappears in a burst of colours!
The crocodile bites you but does no damage.
You completely miss the crocodile.
The crocodile is moderately wounded.
Your butterfly disappears in a burst of colours!
The crocodile bites you but does no damage.
You barely miss the crocodile.
The crocodile is moderately wounded.
Your butterfly disappears in a burst of colours! x3
The crocodile bites you but does no damage.
You closely miss the crocodile.
The crocodile is moderately wounded.
Your butterfly disappears in a burst of colours!
The crocodile bites you! The crocodile bites you.
It was a potion of cancellation.
Your magical effects are unravelling.
You feel magically purged.
You feel less wooden.
Your +0 scale mail unmelds from your body.
The crocodile bites you!
* * * LOW HITPOINT WARNING * * *
It was a potion of brilliance.
You feel clever all of a sudden.
Your butterfly disappears in a burst of colours!
The crocodile bites you!
You die...

#~~...#####...~~#####.
####.~~#######.).## #.
#####~#########÷## ##
#####~#########~#
#####~#########~# #####
#####~#########~## ##
##.~.######.~.#######...## ##~
#.....####...b.#####~.~~.####~.
#~~..~÷~~~..bb@l≈≈≈≈~...~~~~~~.
#~~~..####..b~.##≈##..~.~####~.
##..~######.~.###~###~~.## ##.
##~## #####≈####b####≈## ## #~#
#####≈###.lK###≈# # #~#
#####≈##~!∩!.##≈# # #~#
#####≈###.?.###≈# # ##~##
#####≈####.####≈## ## ##~.~##
##.~~##***##.~.## ##.


You could see a crocodile.

Vanquished Creatures
  A kobold brigand (Sewer)
  10 adders
  4 ribbon worms
  An orc (D:3)
  4 ball pythons
  4 bats
  5 endoplasms
  2 giant cockroaches
  3 goblins
  A hobgoblin (D:2)
  11 kobolds
  2 quokkas (D:3)
  4 frilled lizards
  7 rats
59 creatures vanquished.

Notes
Turn   | Place    | Note
-------+----------+-------------------------------------------
     0 | D:1      | Griffin23 the Minotaur Fighter began the quest for the Orb.
     0 | D:1      | Reached XP level 1. HP: 19/19 MP: 0/0
   122 | D:1      | Found a faded altar of an unknown god.
   333 | D:1      | Reached XP level 2. HP: 26/27 MP: 1/1
   898 | D:2      | Reached XP level 3. HP: 22/33 MP: 2/2
  1059 | D:2      | Found a shimmering altar of Xom.
  1259 | D:2      | Reached XP level 4. HP: 40/40 MP: 3/3
  1623 | D:3      | Found a glowing drain.
  1632 | Sewer    | Entered a sewer
  1686 | Sewer    | Noticed a kobold brigand
  1704 | Sewer    | Killed a kobold brigand
  1705 | Sewer    | Reached XP level 5. HP: 24/47 MP: 4/4
  2432 | Sewer    | Noticed a crocodile
  2462 | Sewer    | Mangled by a crocodile

Illustrated notes

Levels and vault maps discovered:
D:1:      heliophobic_arrival_glass_houses, layout_basic,
          shapermc_ecumenical_altar_mp_highgroup, minmay_hexomino_p4
D:2:      layout_rooms, basic_altar
D:3:      layout_rooms, gammafunk_ghost_smash, gup_sewer_entry_bubbles
Sewer:    sewer_co_15_rooms

Skill      XL: |  1  2  3  4 |
---------------+-------------+-----
Fighting       | 4 |  4.8
Long Blades    | 3 4 |  4.7
Armour         | 4 |  4.7
Shields        | 4 |  4.7

Action                     |  1- 3 |  4- 6 || total
---------------------------+-------+-------++-------
  Melee: Long sword        |    85 |   127 ||   212
         Headbutt          |    11 |    11 ||    22
    Use: Potion            |       |     8 ||     8
         Scroll            |       |     7 ||     7
 Armour: Scale mail        |   102 |    90 ||   192
         Skin              |       |    17 ||    17
  Dodge: Dodged            |    44 |    33 ||    77
  Block: Buckler           |    22 |    24 ||    46

Table legend: (Time is in decaauts)
 A = Elapsed time spent in this place.
 B = Non-inter-level travel time spent in this place.
 C = Inter-level travel time spent in this place.
 D = Time resting spent in this place.
 E = Time spent auto-exploring this place.
 F = Levels seen in this place.
 G = Mean time per level.
                   A        B        C        D        E       F      G
               +--------+--------+--------+--------+--------+-----+--------+
         Total |   2716 |   2639 |     77 |     55 |   1462 |   4 |  679.0 |
       Dungeon |   1684 |   1607 |     77 |     14 |   1185 |   3 |  561.3 |
         Sewer |   1032 |   1032 |      0 |     41 |    277 |   1 | 1032.0 |
               +--------+--------+--------+--------+--------+-----+--------+

Top non-repeatable levels by time:
   Sewer: 1032 daAuts
     D:1: 884 daAuts
     D:2: 591 daAuts
     D:3: 208 daAuts
